 Dungeon Crawl Stone Soup version 0.20.1-1-g8b1a95d66d (webtiles) character file.

2072 Gargoyl the Covered (level 9, -3/75 HPs)
             Began as a Centaur Abyssal Knight on Dec 23, 2017.
             Was a Priest of Lugonu.
             Slain by an orc warrior
             ... wielding a +0 war axe
              (22 damage)
             ... on level 7 of the Dungeon.
             The game lasted 00:11:53 (8479 turns).

Gargoyl the Covered (Centaur Abyssal Knight)        Turns: 8479, Time: 00:11:54

Health: -3/75      AC: 11    Str: 16    XL:     9   Next: 5%
Magic:  13/13      EV:  3    Int: 11    God:    Lugonu [***...]
Gold:   326        SH:  0    Dex: 11    Spells: 8/8 levels left

rFire    . . .     SeeInvis .   a - +2 hand axe
rCold    . . .     Gourm    .   (no shield)
rNeg     . . .     Faith    .   e - +1 plate armour
rPois    .         Spirit   .   (no helmet)
rElec    .         Reflect  .   (no cloak)
rCorr    .         Harm     .   (no gloves)
MR       .....                  (no barding)
Stlth    ..........             (no amulet)
Regen    0.3/turn               (no ring)
MPRegen  0.2/turn               (no ring)

@: very quick
A: hooves 3, deformed body, speed 2, tough skin 3
a: Depart the Abyss, Bend Space, Banish, Renounce Religion


You were on level 7 of the Dungeon.
You worshipped Lugonu.
Lugonu was most pleased with you.
You were not hungry.

You visited 1 branch of the dungeon, and saw 7 of its levels.
You visited the Abyss 1 time.

You collected 326 gold pieces.

Inventory:

Hand Weapons
 a - a +2 hand axe (weapon)
Armour
 e - a +1 plate armour (worn)
Jewellery
 k - an uncursed ring of protection from fire {unknown}
Wands
 q - a wand of iceblast (13/15)
 r - a wand of flame (23/48)
 t - a wand of polymorph (13/24)
 w - a wand of digging (4/24)
 x - a wand of lightning (7/15)
 y - a wand of polymorph (3/24)
 A - a wand of iceblast (9/15)
Scrolls
 b - 5 scrolls of identify
 f - 2 scrolls of fog
 i - 4 scrolls of teleportation
 l - 5 scrolls of remove curse
 p - a scroll of summoning
 s - a scroll of amnesia
Potions
 d - a potion of resistance
 g - 5 potions of curing
 j - 2 potions of haste
 n - a potion of agility
 o - a potion of heal wounds
 z - a potion of mutation {unknown}
 B - a potion of degeneration {unknown}
 D - a potion of brilliance {unknown}
Comestibles
 c - 3 bread rations
 h - 2 royal jellies
 m - 3 meat rations
 v - 6 fruits
 C - 4 chunks of flesh


   Skills:
 + Level 5.7 Fighting
 + Level 5.6 Axes
 + Level 0.2 Throwing
 * Level 6.0 Armour
 + Level 1.0 Dodging
 * Level 5.4 Invocations


You had 8 spell levels left.
You didn't know any spells.

Dungeon Overview and Level Annotations

Branches:
Dungeon (7/15)             Temple (0/1) D:5

Altars:
Ashenzari
Cheibriados
Elyvilon
Hepliaklqana
Nemelex Xobeh
Yredelemnul


Innate Abilities, Weirdness & Mutations

You have hooves in place of feet.
Armour fits poorly on your strangely shaped body.
You cover ground very quickly.
You have extremely tough skin. (AC +3)


Message History

You hit the orc warrior.
You kick the orc warrior, but do no damage.
The orc warrior is almost dead.
You hit the orc warrior but do no damage.
Your kick misses the orc warrior.
The orc warrior is almost dead.
You hit the sky beast but do no damage.
The orc warrior hits you with a war axe!
The sky beast hits you but does no damage.
You hit the orc warrior.
You kick the orc warrior, but do no damage.
The orc warrior is almost dead.
You hit the sky beast.
The orc warrior hits you with a war axe!
* * * LOW HITPOINT WARNING * * *
The sky beast hits you but does no damage.
You feel much better.
The sky beast hits you but does no damage.
The orc warrior hits you with a war axe!!
You die...

#......# #. #.####.##########.
########.# #............
#........# ########.....
#.#################.#.##.
#..................###[.#
##.#################.#.##.
########...#################.####
#..........##..Y@o......($##.# #
#.######...#<..##########.##.####
#.# #..........# #(##.##.. #.#
#..(.......# ##(##.##.#
#.###.........## #.....##.#
#....#.....#.## #..#####.#
####.#.#...#.# ####..# #..
#..###..#.##### #.....# ### ##.##
##.#.....# #.##.##


You could see an orc warrior and a sky beast.

Vanquished Creatures
  The ghost of vlindergert the Shield-Bearer, an amateur MiFi (D:4)
  A black bear (D:6)
  2 ogres
  A sky beast (D:5)
  An ice beast (D:7)
  2 centaurs (D:6)
  The ghost of Ashiichan the Slasher, an amateur OpBe of Trog (D:3)
  2 bullfrogs
  A scorpion (D:7)
  6 howler monkeys (D:7)
  A crimson imp (D:5)
  A centaur zombie (D:7)
  3 bullfrog zombies
  A centaur skeleton (D:4)
  An orc priest (D:7)
  3 iguanas
  2 orc wizards (D:4)
  A bullfrog skeleton (D:5)
  A jelly (D:5)
  Ijyb (D:5)
  Jessica (D:2)
  4 worker ants
  2 hound skeletons
  3 gnolls (D:7)
  7 adders
  A shadow imp (D:5)
  3 oozes
  5 worms
  2 dart slugs
  6 leopard geckos
  14 orcs
  4 giant cockroaches
  8 hobgoblins
  11 jackals
  3 quokkas
  3 ball pythons
  10 bats
  7 frilled lizards
  A giant cockroach zombie (D:6)
  8 kobolds
  A leopard gecko skeleton (D:6)
  A quokka skeleton (D:4)
  2 rats
140 creatures vanquished.

Notes
Turn   | Place    | Note
-------+----------+-------------------------------------------
     0 | Abyss:1  | Gargoyl the Centaur Abyssal Knight began the quest for the Orb.
     0 | Abyss:1  | Reached XP level 1. HP: 19/19 MP: 2/2
    51 | Abyss:1  | Noticed a basilisk
    51 | Abyss:1  | a shapeshifter changed into a basilisk
    88 | Abyss:3  | Found a stormy altar of Qazlal.
   118 | Abyss:3  | Noticed a wretched star
   124 | Abyss:3  | Noticed a starcursed mass
   126 | Abyss:3  | Noticed a starcursed mass
   127 | D:1      | Escaped the Abyss
   465 | D:1      | Reached XP level 2. HP: 22/26 MP: 3/3
  1227 | D:2      | Noticed Jessica
  1230 | D:2      | Killed Jessica
  1230 | D:2      | Reached XP level 3. HP: 30/31 MP: 4/4
  1395 | D:2      | Reached skill level 2 in Armour
  1395 | D:2      | Reached XP level 4. HP: 35/39 MP: 6/6
  1653 | D:2      | Reached * piety under Lugonu
  2023 | D:2      | Found a snail-covered altar of Cheibriados.
  2028 | D:2      | Found a faded altar of an unknown god.
  2229 | D:3      | Found a shattered altar of Ashenzari.
  2373 | D:3      | Noticed Ashiichan's ghost (amateur OpBe)
  2387 | D:3      | Killed Ashiichan's ghost
  2387 | D:3      | Reached XP level 5. HP: 35/46 MP: 7/7
  2880 | D:3      | Found a basalt altar of Yredelemnul.
  3161 | D:4      | Reached ** piety under Lugonu
  3173 | D:4      | Reached XP level 6. HP: 36/52 MP: 8/8
  3230 | D:4      | Noticed vlindergert's ghost (amateur MiFi)
  3558 | D:4      | Found a basalt altar of Yredelemnul.
  3571 | D:4      | Reached skill level 3 in Armour
  4155 | D:4      | Killed vlindergert's ghost
  4155 | D:4      | Reached skill level 4 in Armour
  4155 | D:4      | Reached XP level 7. HP: 38/60 MP: 9/9
  4774 | D:5      | Entered Level 5 of the Dungeon
  5282 | D:5      | Found a sparkling altar of Nemelex Xobeh.
  5448 | D:5      | Reached skill level 5 in Fighting
  5630 | D:5      | Found a white marble altar of Elyvilon.
  5653 | D:5      | Noticed Ijyb
  5667 | D:5      | Reached XP level 8. HP: 45/68 MP: 9/11
  5689 | D:5      | Killed Ijyb
  6216 | D:5      | Found a staircase to the Ecumenical Temple.
  6537 | D:6      | Reached skill level 5 in Armour
  6984 | D:6      | Reached skill level 1 in Dodging
  7023 | D:6      | Reached skill level 5 in Axes
  7775 | D:7      | Found a hazy altar of Hepliaklqana.
  7898 | D:7      | Reached skill level 5 in Invocations
  8308 | D:7      | Reached XP level 9. HP: 67/75 MP: 11/13
  8315 | D:7      | Reached *** piety under Lugonu
  8315 | D:7      | Reached skill level 6 in Armour
  8479 | D:7      | Slain by an orc warrior

Skill      XL: |  1  2  3  4  5  6  7  8  9 |
---------------+----------------------------+-----
Axes           | 2 3 4 5 |  5.6
Armour         | 2 4 5 6 |  6.0
Invocations    | 3 4 5 |  5.4
Fighting       | 4 5 |  5.7
Dodging        | 1 |  1.0
Throwing       | |  0.2

Action                   |  1- 3 |  4- 6 |  7- 9 || total
-------------------------+-------+-------+-------++-------
Melee: Hand axe          |    76 |   205 |   321 ||   602
       Kick              |    11 |    52 |    84 ||   147
Throw: Javelin           |       |       |     9 ||     9
Invok: Depart the Abyss  |     1 |       |       ||     1
       Bend Space        |       |       |     1 ||     1
Evoke: Wand              |       |       |     1 ||     1
  Use: Scroll            |     7 |     4 |     6 ||    17
       Potion            |     1 |     2 |     5 ||     8
  Eat: Chunk             |     1 |     8 |     7 ||    16
       Bread ration      |       |       |     1 ||     1
Armor: Plate armour      |    86 |   171 |   275 ||   532
       Skin              |       |       |    23 ||    23
Dodge: Dodged            |     4 |    29 |    38 ||    71
